 Dungeon Crawl Stone Soup version 0.22-a0-608-g8a62e23 (webtiles) character file.

1155 Lianjan the Chucker (level 8, 0/83 HPs)
             Began as an Ogre Hunter on July 9, 2018.
             Splashed by a jelly's acid (8 damage)
             ... on level 5 of the Dungeon.
             The game lasted 00:16:28 (8486 turns).

Lianjan the Chucker (Ogre Hunter)                   Turns: 8486, Time: 00:16:29

Health: 0/83       AC: -21   Str: 17    XL:     8   Next: 39%
Magic:  8/8        EV:  8    Int:  6    God:
Gold:   201        SH: 11    Dex: 11    Spells: 7/7 levels left

rFire    + . .     SeeInvis .   B - +1 spear
rCold    + . .     Gourm    .   A - +0 large shield
rNeg     . . .     Faith    .   k - +0 robe {rC+ rF+}
rPois    .         Spirit   .   (helmet restricted)
rElec    .         Reflect  .   (no cloak)
rCorr    .         Harm     .   (gloves unavailable)
MR       .....                  (boots unavailable)
Stlth    +.........             t - amulet of the acrobat
HPRegen  0.23/turn              j - -6 ring of intelligence (curse)
MPRegen  0.11/turn              l - +2 ring of evasion

@: corroded
A: large, unfitting armour, tough skin 1
a: no special abilities


You were on level 5 of the Dungeon.
You were not hungry.

You visited 1 branch of the dungeon, and saw 5 of its levels.
You also visited: Sewer.

You collected 201 gold pieces.

Inventory:

Hand Weapons
 B - a +1 spear (weapon)
Missiles
 c - 3 large rocks (quivered)
 d - 2 throwing nets
 e - 96 stones
 x - 18 poisoned needles
Armour
 k - a +0 robe of resistance (worn)
 A - a +0 large shield (worn)
Jewellery
 j - a cursed -6 ring of intelligence (left hand)
 l - a +2 ring of evasion (right hand)
 r - an uncursed ring of protection from cold
 t - an amulet of the acrobat (around neck)
 z - a cursed amulet of inaccuracy {unknown}
Wands
 a - a wand of paralysis (3)
 p - a wand of iceblast (18)
 v - a wand of disintegration (7)
 y - a wand of acid (11)
Scrolls
 q - a scroll of identify
 w - 2 scrolls of fog
Potions
 b - 2 potions of flight {unknown}
 g - 2 potions of brilliance
 h - 2 potions of agility
 i - 2 potions of heal wounds
 m - a potion of mutation {unknown}
 n - a potion of haste {unknown}
 o - 3 potions of curing {unknown}
 s - 3 potions of degeneration {unknown}
 u - a potion of lignification {unknown}
Comestibles
 f - 10 rations


   Skills:
 - Level 5.9 Fighting
 * Level 5.7 Polearms
 - Level 6.1 Throwing
 - Level 4.1 Dodging
 - Level 0.6 Stealth
 + Level 1.2 Shields


You had 7 spell levels left.
You didn't know any spells.
Your spell library contained the following spells:

 Spells                   Type           Power        Failure   Level  Hunger
 Magic Dart               Conj           #...         100%        1    ##.....
 Conjure Flame            Conj/Fire      #.......     100%        3    ####...
 Slow                     Hex            #.......     100%        2    ###....
 Mephitic Cloud           Conj/Pois/Air  #.......     100%        3    ####...
 Blink                    Tloc           N/A          100%        2    ###....
 Call Imp                 Summ           #.......     100%        2    ###....


Dungeon Overview and Level Annotations

Branches:
Dungeon (5/15)
 Temple: D:4-7

Altars:
Trog

Annotations:
D:5 2 transporters


Innate Abilities, Weirdness & Mutations

You are too large for most types of armour.
You have tough skin. (AC +1)


Message History

The jelly hits you. The acid corrodes you!
You are splashed with acid!
The acid burns!
* * * LOW HITPOINT WARNING * * *
You hit the jelly but do no damage.
Your hands burn!
* * * LOW HITPOINT WARNING * * *
The jelly is almost dead.
The jelly hits you.
* * * LOW HITPOINT WARNING * * *
The acid corrodes you!
You are splashed with acid!
The acid burns!
* * * LOW HITPOINT WARNING * * *
Throwing (i - inventory. (/) - cycle)
c - 4 large rocks (quivered)
Press: ? - help, Shift-Dir - straight line, f - jelly
Aim: a jelly (severely wounded)
You throw a large rock.
The large rock hits the jelly but does no damage.
The jelly is severely wounded.
The jelly barely misses you. The jelly hits you.
* * * LOW HITPOINT WARNING * * *
The acid corrodes you!
You are splashed with acid!
The acid burns!
You die...

#. ####.######
.....)....#
..........#
..........#
..........#
.......J..#
#......@########
<..............#
#..............#
##.............#
#.............#
#.............#
#.............#
#.............#
#.............#


You could see a jelly.

Vanquished Creatures
  Menkaure (D:4)
  Duvessa (D:4)
  An orc warrior (D:5)
  2 bullfrogs (Sewer)
  Dowan (D:4)
  A howler monkey (D:5)
  2 hounds
  A jelly (D:5)
  An orc priest (D:5)
  An iguana (D:4)
  An orc wizard (D:4)
  Ijyb (D:5)
  A worker ant (D:4)
  A hound skeleton (D:4)
  Robin (D:3)
  3 gnolls (D:4)
  9 adders
  A river rat (D:3)
  10 oozes
  5 worms
  4 dart slugs
  15 leopard geckos
  14 orcs
  15 giant cockroaches
  12 goblins
  10 hobgoblins
  11 kobolds
  5 quokkas
  5 ball pythons
  11 bats
  15 frilled lizards
  7 rats
169 creatures vanquished.

Notes
Turn   | Place    | Note
-------+----------+-------------------------------------------
     0 | D:1      | Lianjan the Ogre Hunter began the quest for the Orb.
     0 | D:1      | Reached XP level 1. HP: 22/22 MP: 1/1
   356 | D:1      | Reached XP level 2. HP: 29/29 MP: 2/2
   928 | D:2      | Found a bloodstained altar of Trog.
   939 | D:2      | Reached XP level 3. HP: 35/37 MP: 3/3
  1035 | D:2      | Found a faded altar of an unknown god.
  2041 | D:2      | Reached XP level 4. HP: 43/45 MP: 4/4
  2697 | D:3      | Found a glowing drain.
  2701 | Sewer    | Entered a sewer
  2718 | Sewer    | Reached skill level 1 in Polearms
  2955 | Sewer    | Reached XP level 5. HP: 51/54 MP: 5/5
  2988 | Sewer    | Reached skill level 5 in Throwing
  4046 | Sewer    | Reached XP level 6. HP: 53/63 MP: 6/6
  5270 | D:4      | Noticed Duvessa
  5270 | D:4      | Noticed Dowan
  5444 | D:4      | Reached XP level 7. HP: 68/71 MP: 7/7
  5447 | D:4      | Noticed Robin
  5542 | D:4      | Noticed Menkaure
  5556 | D:4      | Killed Menkaure
  5556 | D:4      | Reached skill level 5 in Fighting
  6021 | D:4      | Killed Duvessa
  6232 | D:4      | Killed Dowan
  6264 | D:3      | Killed Robin
  6453 | D:4      | Reached XP level 8. HP: 17/83 MP: 8/8
  6870 | D:5      | Entered Level 5 of the Dungeon
  6890 | D:4      | Reached skill level 6 in Throwing
  7188 | D:4      | Reached skill level 5 in Polearms
  7773 | D:5      | Found a transporter.
  7777 | D:5      | Noticed Ijyb
  7837 | D:5      | Killed Ijyb
  8053 | D:5      | Found a transporter.
  8097 | D:5      | Reached skill level 1 in Shields
  8486 | D:5      | Splashed by a jelly's acid

Vault maps used:
D:1:      nzn_arrival_water_spiral
D:2:      chequers_ecumenical_altar_island, bloody_trog
D:3:      serial_co_window_serial, co_window_paths_a, co_window_corner_a,
          co_window_paths_a, co_window_of_opportunity_a, co_window_corner_a,
          co_window_of_opportunity_c, co_window_corner_ca, co_window_broadway_b,
          glass_columns_c, glass_columns_a, glass_columns_b, glass_columns_b,
          gup_sewer_entry_spiral
D:4:      uniq_duvessa, uniq_menkaure, uniq_robin
D:5:      gammafunk_steamed_eel, first_ration, minivault_26, uniq_eustachio,
          uniq_ijyb
Sewer:    sewer_frog_island_02

Skill      XL: |  1  2  3  4  5  6  7  8 |
---------------+-------------------------+-----
Dodging        | 2 3 4 |  4.1
Fighting       | 3 4 5 |  5.9
Polearms       | 1 2 3 4 5 |  5.7
Throwing       | 5 6 |  6.1
Shields        | 1 |  1.2
Stealth        | |  0.6

Action                   |  1- 3 |  4- 6 |  7- 9 || total
-------------------------+-------+-------+-------++-------
Melee: Short sword       |   156 |    26 |       ||   182
       Spear             |       |   366 |   270 ||   636
       Halberd           |       |       |    40 ||    40
Throw: Stone             |    11 |    72 |     7 ||    90
       Large rock        |       |     9 |     9 ||    18
Evoke: Wand              |       |     3 |     7 ||    10
  Use: Scroll            |       |     6 |     2 ||     8
 Stab: Sleeping          |     5 |     2 |       ||     7
       Paralysed         |       |    15 |     8 ||    23
  Eat: Chunk             |     3 |    12 |     7 ||    22
       Ration            |       |       |     1 ||     1
Armor: Robe              |    47 |   104 |    22 ||   173
Dodge: Dodged            |   102 |   286 |   115 ||   503
Block: Large shield      |       |       |    45 ||    45

Table legend:
 A = Spawn XP
 B = Non-spawn XP
 C = Spawn XP percentage of total XP
 D = Spawn monster count
 E = Non-spawn monster count
 F = Spawn count percentage of total count
 G = Total turns spent on level
                    A         B        C        D         E        F      G
               +---------+---------+-------+---------+---------+-------+---------
         Total |       0 |    1650 |   0.0 |       0 |     169 |   0.0 |  8486
               +---------+---------+-------+---------+---------+-------+---------
           D:1 |       0 |      32 |   0.0 |       0 |      17 |   0.0 |   930
           D:2 |       0 |      58 |   0.0 |       0 |      23 |   0.0 |  1465
           D:3 |       0 |     153 |   0.0 |       0 |      34 |   0.0 |  1927
           D:4 |       0 |     698 |   0.0 |       0 |      32 |   0.0 |  1565
           D:5 |       0 |     335 |   0.0 |       0 |      10 |   0.0 |  1114
         Sewer |       0 |     374 |   0.0 |       0 |      53 |   0.0 |  1485
               +---------+---------+-------+---------+---------+-------+---------
